 Dungeon Crawl Stone Soup version 0.25.1-2-g60ff931df9 (webtiles) character file.

Game seed: 17666398054686847536

541469 lorenzova the Archmage (level 24, -4/130 HPs)
             Began as a Deep Elf Conjurer on Oct 18, 2020.
             Was the Champion of Vehumet.
             Slain by a tentacled monstrosity (9 damage)
             ... on level 5 of the Depths on Oct 19, 2020.
             The game lasted 05:10:23 (79348 turns).

lorenzova the Archmage (Deep Elf Conjurer)         Turns: 79348, Time: 05:10:23

Health: -4/130     AC: 11    Str:  5    XL:     24   Next: 75%
Magic:  49/65      EV: 11    Int: 40    God:    Vehumet [******]
Gold:   6131       SH:  7    Dex: 11    Spells: 10/77 levels left

rFire    + + +     SeeInvis +   J - staff of conjuration
rCold    + + +     Gourm    .   j - +3 warlock's mirror {reflect}
rNeg     + + .     Faith    .   X - +0 leather armour of Mezcal {rF++ MR+++ Dex-4}
rPois    +         Spirit   .   L - -2 hat of the Alchemist {rElec rPois rF+ rC+ rN+ MR+ rMut rCorr}
rElec    +         Reflect  +   E - +2 cloak of the Thief {+Fog Slay-2 SInv Stlth+}
rCorr    +         Harm     .   V - +1 pair of gloves of the Big Bang {*Drain rC+++ rN+ Int+3}
rMut     +                      A - +2 pair of boots {Fly}
MR       +++++                  y - amulet of magic regeneration
Stlth    ++++......             P - ring of Wenawn {Fire rPois SInv}
HPRegen  0.31/turn              w - ring "Gyamywn" {rC+ MP+9 Int+4 Stlth+}
MPRegen  0.64/turn

@: flying, constricted
A: subdued magic 1
}: 3/15 runes: decaying, slimy, gossamer
a: Renounce Religion, Evoke Fog, Stop Flying


You were on level 5 of the Depths.
You worshipped Vehumet.
Vehumet was exalted by your worship.
You were very hungry.

You visited 10 branches of the dungeon, and saw 49 of its levels.
You visited 1 bazaar.
You also visited: Trove, Sewer, Gauntlet and Ice Cave.

You collected 8751 gold pieces.
You spent 2620 gold pieces at shops.

Inventory:

Hand Weapons
 f - the +6 spear of Buoceek {flame, *Noise rF+ MR+}
   (You bought it in a shop on level 2 of the Orcish Mines)

   It has been specially enchanted to burn those struck by it, causing extra
   injury to most foes and up to half again as much damage against particularly
   susceptible opponents.
   It protects you from fire.
   It affects your resistance to hostile enchantments.
   It may make noises in combat.
Missiles
 m - 32 javelins (quivered)
Armour
 a - a scarf of resistance
 e - the +3 pearl dragon scales of Depression {rC+ rN+ rCorr Dex+2}
   (You took it off a minotaur in a Gauntlet)

   It affects your dexterity (+2).
   It protects you from cold.
   It protects you from negative energy.
   It provides partial protection from all sources of acid and corrosion.
 j - the +3 warlock's mirror (worn) {reflect}
   (You acquired it on level 2 of the Orcish Mines)
 A - a +2 pair of boots of flying (worn)
 E - the +2 cloak of the Thief (worn) {+Fog Slay-2 SInv Stlth+}
   (You found it on level 3 of the Elven Halls)

   It affects your accuracy and damage with ranged weapons and melee attacks
   (-2).
   It lets you see invisible.
   It makes you more stealthy.
 L - the -2 hat of the Alchemist (worn) {rElec rPois rF+ rC+ rN+ MR+ rMut rCorr}
   (You found it on level 4 of the Depths)

   It protects you from fire.
   It protects you from cold.
   It insulates you from electricity.
   It protects you from poison.
   It protects you from negative energy.
   It affects your resistance to hostile enchantments.
   It provides partial protection from all sources of acid and corrosion.
   It protects you from mutation.
 R - the +1 helmet of Tender Moments {rN++ Regen+}
   (You found it in a Gauntlet)

   It greatly protects you from negative energy.
   It increases your rate of regeneration.
 V - the +1 pair of gloves of the Big Bang (worn) {*Drain rC+++ rN+ Int+3}
   (You found it in an ice cave)

   It affects your intelligence (+3).
   It renders you almost immune to cold.
   It protects you from negative energy.
   It causes draining when unequipped.
 X - the +0 leather armour of Mezcal (worn) {rF++ MR+++ Dex-4}
   (You found it on level 13 of the Dungeon)

   It affects your dexterity (-4).
   It greatly protects you from fire.
   It affects your resistance to hostile enchantments.
Magical Staves
 J - an uncursed staff of conjuration (weapon)
 O - an uncursed staff of air
 T - an uncursed staff of wizardry
 Y - an uncursed staff of fire
Jewellery
 w - the ring "Gyamywn" (right hand) {rC+ MP+9 Int+4 Stlth+}
   (You bought it in a shop on level 1 of the Vaults)

   [ring of magical power]

   It affects your intelligence (+4).
   It protects you from cold.
   It affects your magic capacity (+9).
   It makes you more stealthy.
 y - an amulet of magic regeneration (around neck)
 B - the ring "Tentouna" {Wiz rF+ MR+ Str+5 SInv}
   (You found it on level 7 of the Dungeon)

   [ring of wizardry]

   It improves your spell success rate.
   It affects your strength (+5).
   It protects you from fire.
   It affects your resistance to hostile enchantments.
   It lets you see invisible.
 C - the ring of Pessimism {rPois MP+9 Dex+4}
   (You found it on level 7 of the Dungeon)

   [ring of poison resistance]

   It affects your dexterity (+4).
   It protects you from poison.
   It affects your magic capacity (+9).
 D - the ring "Ifumiuh" {rElec rC+ Str+2 Dex+4}
   (You found it in a treasure trove)

   [ring of dexterity]

   It affects your strength (+2).
   It affects your dexterity (+4).
   It protects you from cold.
   It insulates you from electricity.
 P - the ring of Wenawn (left hand) {Fire rPois SInv}
   (You found it in a treasure trove)

   [ring of fire]

   It enhances your fire magic.
   It protects you from fire.
   It makes you vulnerable to cold.
   It protects you from poison.
   It lets you see invisible.
Wands
 g - a wand of disintegration (15)
 p - a wand of digging (37)
 z - a wand of acid (17)
Scrolls
 b - 10 scrolls of amnesia
 h - 12 scrolls of enchant armour
 i - 6 scrolls of blinking
 k - 27 scrolls of teleportation
 n - 16 scrolls of remove curse
 o - 6 scrolls of magic mapping
 s - a scroll of silence
 t - 5 scrolls of fear
 u - 4 scrolls of fog
 x - 5 scrolls of enchant weapon
 G - a scroll of identify
 K - a scroll of brand weapon
 M - 2 scrolls of torment
 N - 5 scrolls of vulnerability
Potions
 d - a potion of brilliance
 l - 4 potions of mutation
 q - 7 potions of haste
 r - a potion of magic
 v - 10 potions of lignification
 F - 2 potions of heal wounds
 I - 22 potions of curing
 Q - 3 potions of invisibility
 S - 5 potions of ambrosia
 W - 3 potions of resistance
Comestibles
 c - 47 rations


   Skills:
 + Level 7.0 Fighting
 + Level 9.4 Armour
 + Level 7.2 Dodging
 - Level 2.4 Stealth
 - Level 4.0 Shields
 O Level 27 Spellcasting
 * Level 24.9 Conjurations
 - Level 9.0 Hexes
 - Level 9.0 Charms
 - Level 6.0 Translocations
 * Level 22.1 Fire Magic
 - Level 15.0 Air Magic


You had 10 spell levels left.
You knew the following spells:

 Your Spells              Type           Power        Failure   Level  Hunger
a - Magic Dart            Conj           ####         0%          1    None
b - Iskenderun's Battles  Conj/Chrm      ########     0%          5    None
c - Iskenderun's Mystic   Conj/Tloc      ########     0%          4    None
d - Fulminant Prism       Conj/Hex       ########..   0%          4    None
e - Swiftness             Chrm/Air       #######.     0%          2    None
f - Fireball              Conj/Fire      #########.   0%          5    None
g - Bolt of Magma         Conj/Fire/Erth ########..   0%          5    None
h - Chain Lightning       Conj/Air       ########..   1%          8    None
i - Ignition              Fire           ########..   1%          8    None
l - Lightning Bolt        Conj/Air       ########..   0%          5    None
o - Orb of Destruction    Conj           ########..   0%          7    None
p - Blink                 Tloc           N/A          1%          2    None
v - Fire Storm            Conj/Fire      #########.   1%          9    None
z - Searing Ray           Conj           ######       0%          2    None

Your spell library contained the following spells:

 Spells                   Type           Power        Failure   Level  Hunger
 Tornado                  Air            #######...   21%         9    None
 Shatter                  Erth           #####.....   100%        9    None
 Corona                   Hex            #######      0%          1    None
 Foxfire                  Conj/Fire      ####         0%          1    None
 Shock                    Conj/Air       ####         0%          1    None
 Shroud of Golubria       Chrm/Tloc      ######       0%          2    None
 Slow                     Hex            #######.     0%          2    None
 Confusing Touch          Hex            #######.     0%          3    None
 Conjure Flame            Conj/Fire      ########     0%          3    None
 Dazzling Flash           Conj/Hex       ######       0%          3    None
 Inner Flame              Hex/Fire       ########     0%          3    None
 Mephitic Cloud           Conj/Pois/Air  ########     0%          3    None
 Static Discharge         Conj/Air       ########     0%          3    None
 Airstrike                Air            #######...   0%          4    None
 Hailstorm                Conj/Ice       ########     0%          4    None
 Sticky Flame             Conj/Fire      ########     0%          4    None
 Conjure Ball Lightning   Conj/Air       ########..   0%          6    None
 Animate Skeleton         Necr           N/A          1%          1    None
 Apportation              Tloc           ######       1%          1    None
 Beastly Appendage        Tmut           #####.       1%          1    None
 Freeze                   Ice            ####         1%          1    None
 Summon Small Mammal      Summ           ####         1%          1    None
 Call Imp                 Summ           #####...     1%          2    None
 Sticks to Snakes         Tmut           #####...     1%          2    None
 Call Canine Familiar     Summ           #####...     1%          3    None
 Frozen Ramparts          Ice            #####.       1%          3    None
 Gell's Gravitas          Tloc           ######....   1%          3    None
 Lesser Beckoning         Tloc           ######....   1%          3    None
 Ozocubu's Armour         Chrm/Ice       ######..     1%          3    None
 Portal Projectile        Hex/Tloc       ######       1%          3    None
 Recall                   Summ/Tloc      N/A          1%          3    None
 Spider Form              Tmut/Pois      #####.....   1%          3    None
 Summon Guardian Golem    Hex/Summ       ######..     1%          3    None
 Teleport Other           Tloc           ######..     1%          3    None
 Cause Fear               Hex            #######...   1%          4    None
 Leda's Liquefaction      Hex/Erth       ######....   1%          4    None
 Passage of Golubria      Tloc           N/A          1%          4    None
 Summon Lightning Spire   Summ/Air       ######..     1%          4    None
 Irradiate                Conj/Tmut      ########..   1%          5    None
 Metabolic Englaciation   Hex/Ice        ######....   1%          5    None
 Silence                  Hex/Air        #######...   1%          5    None
 Summon Mana Viper        Hex/Summ       ######..     1%          5    None
 Yara's Violent Unravell  Hex/Tmut       ######....   1%          5    None
 Freezing Cloud           Conj/Ice/Air   ########..   1%          6    None
 Invisibility             Hex            #######.     1%          6    None
 Iron Shot                Conj/Erth      ########..   1%          6    None
 Summon Forest            Summ/Tloc      ######....   2%          5    None
 Ice Form                 Ice/Tmut       #####...     3%          4    None
 Petrify                  Tmut/Erth      #####...     3%          4    None
 Summon Ice Beast         Ice/Summ       #####...     3%          4    None
 Dispersal                Tloc           ######....   4%          6    None
 Aura of Abjuration       Summ           #####.....   10%         5    None
 Blade Hands              Tmut           #####.....   10%         5    None
 Summon Demon             Summ           #####.....   10%         5    None
 Ozocubu's Refrigeration  Ice            #####.....   16%         6    None
 Hydra Form               Tmut           #####.....   52%         6    None
 Shadow Creatures         Summ           N/A          52%         6    None
 Simulacrum               Ice/Necr       #####.....   52%         6    None
 Statue Form              Tmut/Erth      #####....    52%         6    None
 Controlled Blink         Tloc           N/A          92%         8    None
 Disjunction              Tloc           ######....   92%         8    None
 Dragon Form              Tmut           #####.....   98%         7    None
 Haunt                    Necr/Summ      #####.....   98%         7    None
 Death's Door             Chrm/Necr      ######....   99%         8    None
 Borgnjor's Revivificati  Necr           #####.....   100%        8    None
 Infestation              Necr           #####.....   100%        8    None
 Necromutation            Tmut/Necr      #####.....   100%        8    None
 Dragon's Call            Summ           #####.....   100%        9    None


Dungeon Overview and Level Annotations

Branches:
Dungeon (15/15)            Temple (1/1) D:7            Lair (6/6) D:9
  Swamp (4/4) Lair:2       Spider (4/4) Lair:4        Slime (5/5) Lair:6
    Orc (2/2) D:10            Elf (3/3) Orc:2        Vaults (4/5) D:13
  Crypt (0/3) Vaults:3     Depths (5/5) D:15          Sewer (visited)
  IceCv (visited)         Gauntlet (visited)
    Zot: Depths:5

Altars:
Ashenzari
Cheibriados
Dithmenos
Elyvilon
Fedhas
Gozag
Hepliaklqana
Kikubaaqudgha
Makhleb
Nemelex Xobeh
Okawaru
Qazlal
Ru
Sif Muna
Trog
Uskayaw
Vehumet
Wu Jian
Xom
Yredelemnul
Zin
The Shining One

Shops:
D:15 *   Orc:1 [   Orc:2 (*:[   Vaults:1 *=*   Vaults:2 }   Vaults:3 *

Portals:
Hell: Lair:6 Depths:1 Depths:2 Depths:3 Depths:4
Abyss: Depths:4
Pandemonium: Depths:3 Depths:4
Ziggurat: Depths:1


Innate Abilities, Weirdness & Mutations

Your spells are a little easier to cast, but a little less powerful.


Message History

The tentacled monstrosity is severely wounded.
The lightning arc grounds out.
You hear a screech!
The tentacled monstrosity tentacle-slaps you! x2
* * * LOW HITPOINT WARNING * * *
The tentacled monstrosity tentacle-slaps you.
* * * LOW HITPOINT WARNING * * *
x2 The tentacled monstrosity constricts you.
Unknown command.
Blink to where?
Press: ? - help, Dir - move target cursor The tentacled monstrosity's grasp on you weakens, but your attempt to escape fails.
As you read the scroll of blinking, it crumbles to dust.
The tentacled monstrosity tentacle-slaps you.
* * * LOW HITPOINT WARNING * * *
The tentacled monstrosity tentacle-slaps you!
* * * LOW HITPOINT WARNING * * *
The tentacled monstrosity tentacle-slaps you!
* * * LOW HITPOINT WARNING * * *
You die...

...### ###..
.#... ..[.. (
#.... ...[.#
.(..#..[..
.....# ...#....
#.[...#
[.#)#.#.#[)...
.###...#.#†..#
#...#.#.....# .
...#)..@X#.....#
#...^...#....#
...#.<.<.#.....#
..#.....#.#..[#.
#.[.#[#...#.#[.
÷...#.#.#.#.....
...).#.. ..#...
. ..... ..
..#.... . .. .#
.


You could see a tentacled monstrosity.

Vanquished Creatures
  the Royal Jelly (Slime:5)
  4 juggernauts
  Mennas (Depths:4)
  the Lernaean hydra (Swamp:4)
  Bai Suzhen (Spider:4)
  Frederick (Vaults:3)
  2 caustic shrikes (Depths:4)
  the Enchantress (Depths:1)
  A golden dragon (Depths:4)
  A lich (Vaults:3)
  An Ice Fiend (IceCv)
  Asterion (Depths:1)
  2 deep elf blademasters (Elf:3)
  A titan (Depths:4)
  5 quicksilver dragons (Depths:4)
  2 deep elf master archers (Elf:3)
  26 acid blobs
  3 sphinxes
  The ghost of sixsigma the Protected, an adept GnWz of Ashenzari (Swamp:3)
  The ghost of Anuqaetage the Severer, an adept HOFi of Beogh (Spider:3)
  3 storm dragons
  4 tengu reavers
  4 thorn hunters
  Donald (Swamp:4)
  2 shadow dragons
  11 azure jellies
  8 deep elf sorcerers
  4 ghost moths
  7 vault wardens
  6 fire giants
  The ghost of Luthien the Eclecticist, a journeyman DECj of Vehumet (Orc:2)
  6 frost giants
  3 iron dragons (Depths:4)
  9 emperor scorpions
  4 spriggan defenders
  11 ironheart preservers
  A deep elf elementalist (Elf:3)
  A caustic shrike skeleton (Depths:5)
  A vampire knight (Depths:2)
  12 very ugly things
  9 stone giants
  A war gargoyle (Vaults:3)
  A reaper (Depths:3)
  10 entropy weavers
  11 deep elf annihilators
  A minotaur (Gauntlet)
  7 deep elf demonologists
  A dire elephant (Lair:6)
  Azrael (Elf:1)
  8 spark wasps
  10 ettins
  8 death oozes
  7 deep elf death magi
  3 merfolk javelineers (Depths:4)
  9 fire dragons
  A merfolk impaler (Depths:4)
  The ghost of prdct the Thaumaturge, a journeyman DrAE of Vehumet (Lair:4)
  7 yaktaur captains
  11 great orbs of eyes
  12 ogre magi
  Harold (D:8)
  A deep elf high priest (Depths:5)
  Fannar (Lair:1)
  7 vault guards
  A shambling mangrove (Swamp:2)
  Erolcha (D:11)
  11 ice dragons
  3 rakshasas
  A ghost crab (Swamp:2)
  20 hydras
  7 spriggan air magi
  19 alligators
  24 centaur warriors
  46 two-headed ogres
  A hell beast (Lair:6)
  28 dancing weapons
  A death knight (Vaults:3)
  2 queen ants
  6 tengu warriors
  8 spriggan berserkers
  4 deep troll shamans
  3 death yaks (D:9)
  2 vampire magi
  14 deep troll earth magi
  4 orc high priests (Orc:2)
  A soul eater (Depths:2)
  22 deep elf knights
  A shadow wraith (Vaults:3)
  8 hell knights
  6 skeletal warriors
  21 deep trolls
  7 glowing orange brains
  5 unseen horrors
  A flayed ghost (Depths:5)
  2 orange crystal statues
  A torturous demonspawn (Depths:3)
  9 swamp dragons
  13 deep elf archers
  3 phantasmal warriors
  14 orc knights
  3 wizards
  9 ironbrand convokers
  A necromancer (Vaults:1)
  7 harpies (Vaults:2)
  A wolf spider zombie (D:13)
  A lindwurm (shapeshifter) (Depths:5)
  A sphinx zombie (Vaults:1)
  3 shining eyes
  A shining eye (shapeshifter) (Elf:3)
  16 orb spiders
  A manticore (shapeshifter) (Elf:1)
  4 orc sorcerers
  A fire giant zombie (Vaults:1)
  40 wolf spiders
  2 oklob plants (Spider:1)
  8 cyclopes
  33 ugly things
  2 manticores
  A salamander (shapeshifter) (Depths:3)
  3 elephants (Lair:6)
  A salamander (Depths:3)
  64 deep elf magi
  5 black mambas
  A moth of wrath (Spider:1)
  An ice statue (IceCv)
  A rust devil (Depths:4)
  11 vault sentinels
  The ghost of bomj the Chopper, a novice MiBe of Trog (D:4)
  Psyche (D:9)
  A smoke demon (Lair:6)
  13 spiny frogs
  A gargoyle (D:11)
  A storm dragon simulacrum (Vaults:1)
  4 torpor snails
  3 orange demons (Lair:6)
  A kobold demonologist (D:14)
  Maggie (D:7)
  11 demonic crawlers
  4 rime drakes
  12 freezing wraiths
  4 centaur skeletons
  A rime drake (shapeshifter) (Elf:1)
  2 spectral redbacks (Spider:3)
  14 komodo dragons
  A hellwing (Depths:2)
  A tormentor (Depths:4)
  40 yaktaurs
  A yaktaur (shapeshifter) (Vaults:4)
  A small abomination (Elf:3)
  A yaktaur skeleton (Vaults:1)
  10 ice devils
  2 golden dragon simulacra (IceCv)
  3 anaconda simulacra (IceCv)
  3 red devils
  2 tengu conjurers
  A jumping spider (shapeshifter) (Depths:5)
  3 meliai (D:15)
  51 jumping spiders
  A meliai (shapeshifter) (Vaults:3)
  14 hornets
  3 spectral tarantellas (Spider:3)
  2 polar bears (Lair:6)
  A sphinx simulacrum (Vaults:2)
  13 bog bodies
  7 trolls
  7 tyrant leeches
  An ettin zombie (Vaults:1)
  117 slime creatures
  5 dream sheep (Lair:6)
  16 hippogriffs
  10 blink frogs
  A snapping turtle (shapeshifter) (Depths:3)
  3 dire elephant simulacra (IceCv)
  4 spriggans
  3 flying skulls (Gauntlet)
  4 shadows
  9 water elementals
  4 wyverns
  109 redbacks
  2 humans
  46 yaks
  38 tarantellas
  A wyvern (shapeshifter) (Depths:3)
  A ynoxinul (Depths:4)
  7 golden eyes
  A hog (shapeshifter) (Depths:2)
  6 fire elementals
  2 basilisks
  2 hogs (D:10)
  4 wraiths
  4 hungry ghosts
  2 chaos spawn (Depths:3)
  A redback simulacrum (Spider:3)
  24 vampire mosquitoes
  A steam dragon (D:13)
  10 wargs
  A death yak simulacrum (IceCv)
  17 swamp worms
  An ogre zombie (Vaults:1)
  A harpy simulacrum (IceCv)
  A spectral orb spider (Spider:3)
  2 acid dragons
  A floating eye (Slime:4)
  9 insubstantial wisps
  8 hell hounds
  26 soldier ants
  5 water moccasins
  5 hydra simulacra (IceCv)
  15 swamp drakes
  60 orc warriors
  4 ice beasts
  A moth of wrath simulacrum (Spider:3)
  A tarantella simulacrum (Spider:3)
  A spectral torpor snail (Spider:3)
  11 porcupines
  A black bear (D:9)
  A phantom (D:11)
  An eye of draining (shapeshifter) (Vaults:4)
  3 eyes of draining
  An ettin simulacrum (IceCv)
  45 ogres
  5 sky beasts
  An alligator simulacrum (IceCv)
  A hornet zombie (D:15)
  5 necrophages
  5 wolves (Lair:5)
  4 boggarts (Vaults:1)
  A wolf (shapeshifter) (Vaults:4)
  30 centaurs
  17 crocodiles
  2 big kobolds
  An elf zombie (D:13)
  17 bullfrogs
  3 wyvern zombies
  2 water moccasin zombies (D:7)
  3 wyvern skeletons
  An elf skeleton (D:13)
  A human simulacrum (Vaults:1)
  3 scorpions
  7 killer bees
  16 wights
  7 howler monkeys
  An electric eel (Lair:2)
  13 crimson imps
  2 bullfrog zombies
  3 human zombies (D:13)
  A quasit (Depths:3)
  5 centaur zombies
  6 hounds
  5 jellies
  37 orc priests
  6 bullfrog skeletons
  3 iguanas
  A human skeleton (D:13)
  32 orc wizards
  Natasha (twice) (D:4)
  5 troll simulacra (IceCv)
  A polar bear simulacrum (IceCv)
  A spriggan simulacrum (IceCv)
  29 worker ants
  2 centaur simulacra (IceCv)
  2 mummies (D:13)
  2 hound skeletons
  A howler monkey skeleton (D:5)
  3 worker ant zombies
  12 adders
  4 gnolls
  2 river rats (D:3)
  7 shadow imps
  4 white imps
  8 ufetubi
  5 oozes
  An adder zombie (D:9)
  An adder skeleton (D:4)
  A worm (shapeshifter) (Depths:1)
  2 worms (D:3)
  3 dart slugs
  4 leopard geckos
  111 orcs
  A giant cockroach (D:1)
  5 goblins
  2 hobgoblins
  27 jackals
  2 quokkas
  3 ball pythons
  A bat (D:2)
  9 frilled lizards
  A jackal skeleton (D:4)
  25 kobolds
  A leopard gecko skeleton (D:5)
  9 rats
  9 briar patches (Swamp:3)
  A crawling corpse (Elf:3)
  21 fire vortices
  2 fulminant prisms (Gauntlet)
  7 fungi
  5 plants
2321 creatures vanquished.

Vanquished Creatures (collateral kills)
  An acid blob (Slime:5)
  An orc knight (Vaults:3)
  A freezing wraith (Vaults:4)
  A yaktaur (Vaults:3)
  A redback (Spider:4)
  A redback simulacrum (Spider:3)
  An ogre (Vaults:4)
  A shadow imp (Depths:3)
  An orc (Vaults:3)
9 creatures vanquished.

Vanquished Creatures (others)
  A shadow wraith (Vaults:2)
  A swamp worm (Swamp:2)
  A white imp (Depths:3)
  4 ufetubi (IceCv)
  81 fire vortices
  267 fulminant prisms
  14 fungi
  27 plants
396 creatures vanquished.

Grand Total: 2726 creatures vanquished

Notes
Turn   | Place    | Note
-------+----------+-------------------------------------------
     0 | D:1      | lorenzova the Deep Elf Conjurer began the quest for the
                  | Orb.
     0 | D:1      | Reached XP level 1. HP: 10/10 MP: 6/6
   310 | D:1      | Reached XP level 2. HP: 9/15 MP: 0/8
   382 | D:1      | Learned a level 2 spell: Searing Ray
   432 | D:1      | Found a burning altar of Makhleb.
   949 | D:1      | Reached skill level 4 in Spellcasting
   949 | D:1      | Reached skill level 5 in Conjurations
   949 | D:1      | Reached XP level 3. HP: 19/19 MP: 5/10
  1508 | D:2      | Found a stormy altar of Qazlal.
  1509 | D:2      | Noticed an air elemental
  1510 | D:2      | Noticed a fire elemental
  1511 | D:2      | Noticed a water elemental
  1511 | D:2      | Noticed an earth elemental
  2053 | D:3      | Noticed a crocodile
  2057 | D:3      | Killed a crocodile
  2057 | D:3      | Reached skill level 5 in Spellcasting
  2057 | D:3      | Reached XP level 4. HP: 24/24 MP: 7/13
  2342 | D:3      | Found a glowing drain.
  2370 | D:3      | Reached XP level 5. HP: 28/28 MP: 7/14
  2555 | Sewer    | Entered a sewer
  3994 | D:3      | Reached skill level 6 in Spellcasting
  4221 | D:4      | Noticed Natasha
  4221 | D:4      | Noticed an ogre
  4494 | D:4      | Found a transporter.
  4497 | D:4      | Found a transporter.
  4497 | D:4      | Noticed an ogre
  4497 | D:4      | Noticed bomj's ghost (novice MiBe)
  4497 | D:4      | Noticed an ogre
  4498 | D:4      | Noticed an ogre
  4506 | D:4      | Reached XP level 6. HP: 32/32 MP: 10/17
  4723 | D:4      | Killed Natasha
  4824 | D:4      | Noticed Natasha
  4828 | D:4      | Killed Natasha
  4828 | D:4      | Reached skill level 7 in Spellcasting
  5211 | D:4      | Found a snail-covered altar of Cheibriados.
  5578 | D:5      | Entered Level 5 of the Dungeon
  5620 | D:5      | Noticed an ice beast
  5627 | D:5      | Killed an ice beast
  5627 | D:5      | Reached XP level 7. HP: 36/36 MP: 13/20
  5695 | D:5      | Reached skill level 8 in Spellcasting
  6059 | D:5      | Reached skill level 9 in Spellcasting
  6234 | D:5      | Reached XP level 8. HP: 41/41 MP: 18/23
  6446 | D:5      | Learned a level 4 spell: Iskenderun's Mystic Blast
  6451 | D:5      | Learned a level 4 spell: Fulminant Prism
  6674 | D:6      | Reached skill level 1 in Hexes
  6888 | D:6      | Reached skill level 1 in Translocations
  7140 | D:6      | Found a shadowy altar of Dithmenos.
  7865 | D:7      | Reached skill level 10 in Spellcasting
  8053 | D:7      | Noticed a green ugly thing
  8082 | D:7      | Found a staircase to the Ecumenical Temple.
  8090 | Temple   | Entered the Ecumenical Temple
  8101 | Temple   | Became a worshipper of Vehumet
  8115 | Temple   | Killed a red ugly thing
  8338 | D:7      | Reached XP level 9. HP: 45/45 MP: 19/25
  8377 | D:7      | Noticed Maggie
  8443 | D:7      | Killed Maggie
  8848 | D:7      | Reached skill level 10 in Conjurations
  8851 | D:7      | Reached skill level 11 in Spellcasting
  9324 | D:7      | Reached * piety under Vehumet
  9324 | D:7      | Offered knowledge of Sandblast by Vehumet.
  9449 | D:7      | Identified the ring "Toedyaf" {+Fly rPois rN+ Int-4}
  9457 | D:7      | Reached skill level 5 in Hexes
  9702 | D:7      | Got a flickering bone ring
  9711 | D:7      | Got a heavily runed amber ring
  9714 | D:7      | Got a bound tin ring
  9889 | D:7      | Found a glowing golden altar of the Shining One.
  9971 | D:7      | Reached skill level 12 in Spellcasting
 10126 | D:7      | Identified the ring "Tentouna" {Wiz rF+ MR+ Str+5 SInv}
                  | (You found it on level 7 of the Dungeon)
 10127 | D:7      | Identified the ring of Pessimism {rPois MP+9 Dex+4} (You
                  | found it on level 7 of the Dungeon)
 10129 | D:7      | Identified the ring "Wevopel" {Int+4 Stlth+} (You found it
                  | on level 7 of the Dungeon)
 10234 | D:8      | Reached XP level 10. HP: 50/50 MP: 28/28
 10302 | D:8      | Noticed a two-headed ogre
 10319 | D:8      | Killed a two-headed ogre
 10426 | D:8      | Noticed Harold
 10498 | D:8      | Reached skill level 5 in Translocations
 11063 | D:8      | Killed Harold
 11441 | D:8      | Reached skill level 13 in Spellcasting
 11474 | D:8      | Offered knowledge of Freeze by Vehumet.
 11856 | D:9      | Reached ** piety under Vehumet
 12060 | D:9      | Noticed a two-headed ogre
 12066 | D:9      | Killed a two-headed ogre
 12076 | D:9      | Noticed Psyche
 12080 | D:9      | Killed Psyche
 12080 | D:9      | Reached XP level 11. HP: 54/54 MP: 21/30
 12085 | D:9      | Noticed a death yak
 12330 | D:9      | Found a staircase to the Lair.
 12424 | D:9      | Found a glowing silver altar of Zin.
 12426 | D:9      | Found a shimmering blue altar of Sif Muna.
 12447 | D:9      | Noticed a death yak
 12448 | D:9      | Noticed a death yak
 12476 | D:9      | Killed a death yak
 12479 | D:9      | Killed a death yak
 12479 | D:9      | Reached skill level 14 in Spellcasting
 12728 | D:9      | Killed a death yak
 13048 | D:9      | Offered knowledge of Frozen Ramparts by Vehumet.
 13125 | D:9      | Found a burning altar of Makhleb.
 13251 | D:10     | Entered Level 10 of the Dungeon
 13298 | D:10     | Learned a level 2 spell: Swiftness
 13304 | D:10     | Learned a level 5 spell: Lightning Bolt
 13309 | D:10     | Noticed a two-headed ogre
 13318 | D:10     | Killed a two-headed ogre
 13318 | D:10     | Reached skill level 1 in Charms
 13318 | D:10     | Reached skill level 1 in Air Magic
 13431 | D:10     | Reached *** piety under Vehumet
 13487 | D:10     | Noticed a two-headed ogre
 13494 | D:10     | Killed a two-headed ogre
 13700 | D:10     | Noticed a two-headed ogre
 13706 | D:10     | Killed a two-headed ogre
 13781 | D:10     | Got a crude robe
 13792 | D:10     | Identified the +0 robe "Codaerifone" {rF+ rC+} (You found
                  | it on level 10 of the Dungeon)
 14372 | D:10     | Offered knowledge of Mephitic Cloud by Vehumet.
 14529 | D:10     | Found a staircase to the Orcish Mines.
 14749 | Lair:1   | Entered Level 1 of the Lair of Beasts
 14752 | Lair:1   | Reached skill level 15 in Spellcasting
 14858 | Lair:1   | Noticed Fannar
 14873 | Lair:1   | Killed Fannar
 14873 | Lair:1   | Reached XP level 12. HP: 49/59 MP: 28/33
 15234 | Lair:1   | Reached **** piety under Vehumet
 15252 | Lair:1   | Noticed a four-headed hydra
 15273 | Lair:1   | Killed a four-headed hydra
 16413 | Lair:2   | You fall into a shaft and drop 1 floor!
 16442 | Lair:3   | Offered knowledge of Stone Arrow by Vehumet.
 16542 | Lair:3   | Reached skill level 5 in Charms
 16681 | Lair:3   | Found a gate leading to a gauntlet.
 16690 | Gauntlet | Entered a Gauntlet
 16690 | Gauntlet | Found a transporter.
 16690 | Gauntlet | Found a transporter.
 16694 | Gauntlet | Noticed a queen ant
 16695 | Gauntlet | Found a transporter.
 16710 | Gauntlet | Found a transporter.
 16726 | Gauntlet | Found a transporter.
 16739 | Gauntlet | Found a transporter.
 16825 | Gauntlet | Found a transporter.
 16839 | Gauntlet | Found a transporter.
 16852 | Gauntlet | Noticed a queen ant
 16853 | Gauntlet | Found a transporter.
 16866 | Gauntlet | Found a transporter.
 16868 | Gauntlet | Found a large runed translucent door.
 16868 | Gauntlet | Found a large runed translucent door.
 16869 | Gauntlet | Found a large runed translucent door.
 16869 | Gauntlet | Found a large runed translucent door.
 16870 | Gauntlet | Found a large runed translucent door.
 16870 | Gauntlet | Found a large runed translucent door.
 16870 | Gauntlet | Found a runed translucent door.
 16870 | Gauntlet | Found a runed translucent door.
 16870 | Gauntlet | Found a large runed translucent door.
 16871 | Gauntlet | Found a large runed translucent door.
 16878 | Gauntlet | Found a large runed translucent door.
 16878 | Gauntlet | Found a large runed translucent door.
 16879 | Gauntlet | Found a large runed translucent door.
 16879 | Gauntlet | Found a large runed translucent door.
 16880 | Gauntlet | Found a large runed translucent door.
 16880 | Gauntlet | Found a large runed translucent door.
 16944 | Gauntlet | Found a transporter.
 16954 | Gauntlet | Found a transporter.
 16960 | Gauntlet | Found a large runed translucent door.
 16961 | Gauntlet | Found a large runed translucent door.
 16963 | Gauntlet | Found a runed translucent gate.
 16964 | Gauntlet | Found a transporter.
 16964 | Gauntlet | Found a runed translucent gate.
 16964 | Gauntlet | Found a transporter.
 16965 | Gauntlet | Found a runed translucent gate.
 16967 | Gauntlet | Found a transporter.
 17003 | Gauntlet | Found a transporter.
 17369 | Gauntlet | Reached skill level 5 in Air Magic
 17472 | Gauntlet | Got a scorched helmet
 17483 | Gauntlet | Identified the +1 helmet of Tender Moments {rN++ Regen+}
                  | (You found it in a Gauntlet)
 17568 | Gauntlet | Killed a queen ant
 17708 | Gauntlet | Got a pair of fine gloves
 17719 | Gauntlet | Identified the +1 pair of gloves of Least Resistance {rF+}
                  | (You found it in a Gauntlet)
 17826 | Gauntlet | Identified the +3 pearl dragon scales of Depression {rC+
                  | rN+ rCorr Dex+2}
 17826 | Gauntlet | Noticed a minotaur
 17838 | Gauntlet | Killed a minotaur
 17955 | Gauntlet | Got a ripped robe
 17969 | Gauntlet | Identified the +1 robe of Hachev {rElec Dex+2} (You found
                  | it in a Gauntlet)
 18108 | Lair:3   | Reached skill level 16 in Spellcasting
 19492 | Lair:2   | Reached XP level 13. HP: 63/63 MP: 29/35
 19834 | Lair:2   | Found a staircase to the Swamp.
 20423 | Lair:4   | Found a hole to the Spider Nest.
 20923 | Lair:4   | Found a runed translucent door.
 20925 | Lair:4   | Noticed prdct's ghost (journeyman DrAE)
 21329 | Lair:5   | Reached ***** piety under Vehumet
 21519 | Lair:5   | Offered knowledge of Iron Shot by Vehumet.
 21955 | Lair:5   | Reached skill level 15 in Conjurations
 22373 | Lair:6   | Entered Level 6 of the Lair of Beasts
 22376 | Lair:6   | Reached skill level 17 in Spellcasting
 22519 | Lair:6   | Learned a level 2 spell: Blink
 22523 | Lair:6   | Learned a level 3 spell: Conjure Flame
 22778 | Lair:6   | Reached skill level 1 in Fire Magic
 23550 | Lair:6   | Offered knowledge of Olgreb's Toxic Radiance by Vehumet.
 23884 | Lair:6   | Noticed a dire elephant
 24181 | Lair:6   | Found a staircase to the Slime Pits.
 24203 | Lair:6   | Killed a dire elephant
 24203 | Lair:6   | Reached XP level 14. HP: 68/68 MP: 24/37
 24708 | Lair:6   | Found a burning altar of Makhleb.
 24714 | Lair:6   | Found a gateway to Hell.
 25216 | Orc:1    | Entered Level 1 of the Orcish Mines
 26211 | Orc:1    | Found Amud's Antique Armour Shoppe.
 26719 | Orc:2    | Entered Level 2 of the Orcish Mines
 26732 | Orc:2    | Offered knowledge of Bolt of Magma by Vehumet.
 26831 | Orc:2    | Reached skill level 18 in Spellcasting
 27208 | Orc:2    | Found a staircase to the Elven Halls.
 27224 | Orc:2    | Found Xiessay's Book Emporium.
 27224 | Orc:2    | Found Syowodup's Armour Emporium.
 27228 | Orc:2    | Found Xeifapsusk's Antique Weapon Shoppe.
 27228 | Orc:2    | Found Ninabry's Assorted Antiques.
 27573 | Orc:2    | Found a runed translucent door.
 27575 | Orc:2    | Noticed Luthien's ghost (journeyman DECj)
 27892 | Orc:2    | Learned a level 5 spell: Bolt of Magma
 27893 | Orc:2    | Bought a scroll of identify for 50 gold pieces
 27893 | Orc:2    | Bought a scroll of identify for 50 gold pieces
 27893 | Orc:2    | Bought a scroll of identify for 50 gold pieces
 27893 | Orc:2    | Bought a scroll of identify for 50 gold pieces
 27899 | Orc:2    | Identified a scroll of acquirement
 27899 | Orc:2    | Acquired a +0 pair of boots of flying
 27950 | Orc:2    | Bought the Grimoire of the Burning Oath for 1139 gold
                  | pieces
 27956 | Orc:2    | Learned a level 5 spell: Fireball
 28224 | D:4      | Killed bomj's ghost
 28609 | Lair:4   | Killed prdct's ghost
 28894 | D:11     | Noticed Erolcha
 28904 | D:11     | Killed Erolcha
 29501 | D:11     | Offered knowledge of Iskenderun's Battlesphere by Vehumet.
 29518 | D:11     | Learned a level 5 spell: Iskenderun's Battlesphere
 30109 | D:12     | Reached skill level 5 in Fire Magic
 30364 | D:12     | Reached skill level 10 in Air Magic
 31297 | D:13     | You are sucked into a shaft and drop 1 floor!
 31377 | D:14     | Reached XP level 15. HP: 72/72 MP: 21/39
 31821 | D:13     | Reached skill level 19 in Spellcasting
 32342 | D:13     | Offered knowledge of Conjure Ball Lightning by Vehumet.
 32433 | D:13     | Got a faintly humming leather armour
 32435 | D:13     | Identified the +0 leather armour of Mezcal {rF++ MR+++
                  | Dex-4} (You found it on level 13 of the Dungeon)
 32991 | D:13     | Found a gate to the Vaults.
 33093 | D:13     | Found an ancient bone altar of Kikubaaqudgha.
 34171 | D:14     | Offered knowledge of Orb of Destruction by Vehumet.
 34180 | D:14     | Learned a level 7 spell: Orb of Destruction
 34608 | D:14     | Found a sparkling altar of Nemelex Xobeh.
 34812 | Swamp:1  | Entered Level 1 of the Swamp
 35682 | Swamp:1  | Reached XP level 16. HP: 76/76 MP: 31/41
 35943 | Swamp:1  | Reached skill level 20 in Spellcasting
 35957 | Swamp:1  | Offered knowledge of Chain Lightning by Vehumet.
 35967 | Swamp:1  | Learned a level 8 spell: Chain Lightning
 36012 | Swamp:1  | Found a hide-covered altar of Uskayaw.
 36490 | Swamp:2  | Reached skill level 10 in Fire Magic
 37753 | Swamp:3  | Found a runed translucent gate.
 37753 | Swamp:3  | Found a runed translucent gate.
 37753 | Swamp:3  | Noticed sixsigma's ghost (adept GnWz)
 37773 | Swamp:3  | Noticed a thorn hunter
 37775 | Swamp:3  | Found a runed translucent gate.
 37917 | Swamp:3  | Noticed a thorn hunter
 37924 | Swamp:3  | Killed a thorn hunter
 37929 | Swamp:3  | Noticed a thorn hunter
 38295 | Swamp:3  | Killed a thorn hunter
 38832 | Swamp:4  | Entered Level 4 of the Swamp
 39055 | Swamp:4  | Noticed Donald
 39056 | Swamp:4  | Killed Donald
 39338 | Swamp:4  | Noticed a thorn hunter
 39343 | Swamp:4  | Killed a thorn hunter
 40047 | Swamp:4  | Noticed the 27-headed Lernaean hydra
 40051 | Swamp:4  | Killed the 27-headed Lernaean hydra
 40051 | Swamp:4  | Reached skill level 21 in Spellcasting
 40272 | Swamp:4  | Reached XP level 17. HP: 80/80 MP: 44/44
 40424 | Swamp:4  | Got a decaying rune of Zot
 40798 | Spider:1 | Entered Level 1 of the Spider Nest
 40818 | Spider:1 | Reached ****** piety under Vehumet
 40818 | Spider:1 | Offered knowledge of Fire Storm by Vehumet.
 40818 | Spider:1 | Offered knowledge of Shatter by Vehumet.
 40818 | Spider:1 | Offered knowledge of Tornado by Vehumet.
 41193 | Elf:1    | Entered Level 1 of the Elven Halls
 41888 | D:15     | Entered Level 15 of the Dungeon
 42292 | D:15     | Found Vigolih's Changing Room.
 42794 | D:15     | Found a staircase to the Depths.
 44463 | Elf:1    | Reached skill level 1 in Armour
 44860 | Elf:1    | Noticed Azrael
 44869 | Elf:1    | Killed Azrael
 45873 | Elf:2    | Found a large runed translucent door.
 45873 | Elf:2    | Found a large runed translucent door.
 45896 | Elf:2    | Found a large runed translucent door.
 45896 | Elf:2    | Found a large runed translucent door.
 46330 | Elf:2    | Reached skill level 22 in Spellcasting
 46761 | Elf:2    | Reached XP level 18. HP: 85/85 MP: 46/46
 48441 | Spider:1 | Reached skill level 1 in Shields
 49001 | Spider:1 | You are sucked into a shaft and drop 1 floor!
 51310 | Spider:3 | Found a frozen archway.
 51320 | IceCv    | Entered an ice cave
 51613 | IceCv    | Reached XP level 19. HP: 89/89 MP: 47/47
 52166 | IceCv    | Found the +5 demon whip "Spellbinder" {antimagic, MR+}
 52182 | IceCv    | Got a coiled granite ring
 52183 | IceCv    | Identified the ring "Ryurucor" {*Slow rN+ Int+9} (You found
                  | it in an ice cave)
 52186 | IceCv    | Got a pair of jewelled gloves
 52212 | IceCv    | Identified the +1 pair of gloves of the Big Bang {*Drain
                  | rC+++ rN+ Int+3} (You found it in an ice cave)
 52259 | IceCv    | Learned a level 8 spell: Ignition
 52503 | Spider:3 | Found a runed translucent gate.
 52532 | Spider:3 | Found a runed translucent gate.
 52532 | Spider:3 | Found a runed translucent gate.
 52532 | Spider:3 | Noticed Anuqaetage's ghost (adept HOFi)
 52793 | Spider:4 | Entered Level 4 of the Spider Nest
 53223 | Elf:3    | Entered Level 3 of the Elven Halls
 53659 | Elf:3    | Identified the ring of Docria {rN+ Int+3}
 53660 | Elf:3    | Reached skill level 23 in Spellcasting
 54134 | Elf:3    | Reached skill level 15 in Fire Magic
 54319 | Elf:3    | Reached skill level 5 in Armour
 54547 | Elf:3    | Identified the ring "Jadellut" {rF+ MR+}
 54613 | Elf:3    | Found the +2 cloak of the Thief {+Fog Slay-2 SInv Stlth+}
 54697 | Elf:3    | Got dazzling storm dragon scales
 54712 | Elf:3    | Identified the +10 storm dragon scales of the Wasteland
                  | {rElec Str+7} (You found it on level 3 of the Elven Halls)
 55295 | Orc:2    | Killed Luthien's ghost
 55356 | Orc:2    | Got an iridescent trident
 55358 | Orc:2    | Identified the +4 trident of Zeerr {drain, *Contam rC+
                  | Str+3} (You found it on level 2 of the Orcish Mines)
 55385 | Orc:2    | Gained mutation: Your spells are a little easier to cast,
                  | but a little less powerful. [mutagenic glow]
 55579 | Orc:2    | Acquired the +3 warlock's mirror {reflect}
 55580 | Orc:2    | Found the +3 warlock's mirror {reflect}
 55816 | Orc:2    | Bought a polished spear for 232 gold pieces
 55817 | Orc:2    | Identified the +6 spear of Buoceek {flame, *Noise rF+ MR+}
                  | (You bought it in a shop on level 2 of the Orcish Mines)
 56130 | Spider:4 | Noticed Bai Suzhen
 56750 | Vaults:1 | Entered Level 1 of the Vaults
 57452 | Vaults:1 | Reached XP level 20. HP: 94/94 MP: 49/49
 57935 | Vaults:1 | Found Qufa's General Store.
 58121 | Vaults:1 | Found Heufux's General Store.
 58279 | Vaults:1 | Bought a scroll of teleportation for 54 gold pieces
 58279 | Vaults:1 | Bought a scroll of identify for 36 gold pieces
 58288 | Vaults:1 | Found Fazanoat's Jewellery Shoppe.
 59447 | Vaults:2 | Reached skill level 24 in Spellcasting
 60191 | Vaults:2 | Found Buxzac's Gadget Shoppe.
 60606 | Vaults:2 | Learned a level 9 spell: Fire Storm
 61193 | Vaults:3 | Noticed Frederick
 61196 | Vaults:3 | Killed Frederick
 61250 | Vaults:3 | Reached XP level 21. HP: 87/98 MP: 23/51
 61980 | Vaults:3 | Found Yluir's Assorted Antiques.
 62005 | Vaults:3 | Bought a scroll of teleportation for 117 gold pieces
 62005 | Vaults:3 | Bought a potion of haste for 390 gold pieces
 62363 | Vaults:3 | Found a staircase to the Crypt.
 63852 | Vaults:4 | Reached skill level 25 in Spellcasting
 64769 | Spider:4 | Killed Bai Suzhen
 66090 | Spider:4 | Got a gossamer rune of Zot
 66391 | Swamp:3  | Reached XP level 22. HP: 60/103 MP: 51/53
 66394 | Swamp:3  | Killed sixsigma's ghost
 66691 | Spider:3 | Killed Anuqaetage's ghost
 66727 | Spider:3 | Acquired 1820 gold pieces
 67047 | Depths:1 | Entered Level 1 of the Depths
 67320 | Depths:1 | Found a gateway to a ziggurat.
 67596 | Depths:1 | Noticed Asterion
 67598 | Depths:1 | Killed Asterion
 67598 | Depths:1 | Reached skill level 15 in Air Magic
 67823 | Depths:1 | Noticed the Enchantress
 67826 | Depths:1 | Killed the Enchantress
 67854 | Depths:1 | You are sucked into a shaft and drop 1 floor!
 67896 | Depths:2 | Noticed a juggernaut
 68255 | Depths:2 | Killed a juggernaut
 69416 | Depths:3 | Reached skill level 26 in Spellcasting
 69645 | Depths:3 | Found a one-way gate leading to the halls of Pandemonium.
 70382 | Depths:3 | Found a portal to a secret trove of treasure.
 70591 | Depths:3 | You paid a toll of a +6 demon trident to enter a treasure
                  | trove
 70592 | Trove    | Entered a treasure trove
 70602 | Trove    | Got an ancient wooden ring
 70604 | Trove    | Got a scorched turquoise ring
 70625 | Trove    | Identified the ring of Wenawn {Fire rPois SInv} (You found
                  | it in a treasure trove)
 70626 | Trove    | Identified the ring "Nenwot" {Wiz Stlth+} (You found it in
                  | a treasure trove)
 70641 | Trove    | Got a vibrating silver ring
 70643 | Trove    | Got a pitted glass ring
 70645 | Trove    | Got a pitted steel ring
 70647 | Trove    | Got a faintly glowing platinum ring
 70651 | Trove    | Got a scintillating bone ring
 70672 | Trove    | Identified the ring "Ifumiuh" {rElec rC+ Str+2 Dex+4} (You
                  | found it in a treasure trove)
 70673 | Trove    | Identified the ring "Haenn" {Int+6 Stlth+} (You found it in
                  | a treasure trove)
 70674 | Trove    | Identified the ring "Zimuelan" {MR+ Str-5 Dex+5 SInv} (You
                  | found it in a treasure trove)
 70675 | Trove    | Identified the ring of Pittinee {rC- rN++ Dex+6 SInv
                  | Stlth+} (You found it in a treasure trove)
 70677 | Trove    | Identified the ring "Toykkot" {rPois rC+ Dex+6} (You found
                  | it in a treasure trove)
 70695 | Trove    | Got a heavily runed steel ring
 70709 | Trove    | Got a smoking golden ring
 70711 | Trove    | Identified the ring "Zuid" {+Inv rC+ Dex+2} (You found it
                  | in a treasure trove)
 70717 | Trove    | Identified the ring of Resumed Hostilities {Wiz Dex+3} (You
                  | found it in a treasure trove)
 71038 | Vaults:1 | Bought the ring "Gyamywn" {rC+ MP+9 Int+4 Stlth+} for 452
                  | gold pieces
 71226 | Depths:4 | Found a one-way gate to the infinite horrors of the Abyss.
 71353 | Depths:4 | Found a flickering gateway to a bazaar.
 71364 | Bazaar   | Entered a bazaar
 71377 | Bazaar   | Found Kohaarhe's Antique Weapon Emporium.
 71377 | Bazaar   | Found Bahibeni's Weapon Emporium.
 71413 | Bazaar   | Found Qarauchy's Jewellery Shoppe.
 71413 | Bazaar   | Found Joqol's Book Shoppe.
 71578 | Depths:4 | Reached skill level 1 in Fighting
 71584 | Depths:4 | Reached XP level 23. HP: 109/109 MP: 50/55
 72099 | Depths:4 | Noticed Mennas
 72624 | Depths:4 | Killed Mennas
 73430 | Depths:4 | Noticed a caustic shrike
 73432 | Depths:4 | Noticed a juggernaut
 73652 | Depths:4 | Killed a caustic shrike
 73692 | Depths:4 | Killed a juggernaut
 73708 | Depths:4 | Noticed a juggernaut
 73983 | Depths:4 | Identified the +10 long sword "Hydraslayer" {pain, +Blink
                  | rElec}
 74011 | Depths:4 | Reached skill level 27 in Spellcasting
 74022 | Depths:4 | Noticed a juggernaut
 74069 | Depths:4 | Killed a juggernaut
 74133 | Depths:4 | Killed a juggernaut
 74198 | Depths:4 | Noticed a caustic shrike
 74200 | Depths:4 | Killed a caustic shrike
 74257 | Depths:4 | Found the -2 hat of the Alchemist {rElec rPois rF+ rC+ rN+
                  | MR+ rMut rCorr}
 74523 | Depths:5 | Entered Level 5 of the Depths
 74894 | Slime:1  | Entered Level 1 of the Pits of Slime
 74904 | Slime:1  | Reached skill level 5 in Fighting
 76087 | Slime:2  | Reached XP level 24. HP: 96/125 MP: 40/56
 77249 | Slime:5  | Entered Level 5 of the Pits of Slime
 77263 | Slime:5  | Reached skill level 5 in Dodging
 77423 | Slime:5  | Noticed the Royal Jelly
 77425 | Slime:5  | Killed the Royal Jelly
 77634 | Slime:5  | Got a slimy rune of Zot
 79348 | Depths:5 | HP: 5/130 [tentacled monstrosity (10)]
 79348 | Depths:5 | Slain by a tentacled monstrosity

Illustrated notes

Levels and vault maps discovered:
D:1:      dpeg_arrival_simpleton_c, layout_basic, minmay_hexomino_r4
D:2:      layout_loops_ring, nicolae_qazlal_style_of_elements
D:3:      layout_basic, first_ration, portal_sewer_entry_a
D:4:      layout_basic, lemuel_crystal_altar, gammafunk_ghost_smash,
          uniq_natasha
D:5:      layout_rooms
D:6:      layout_loops_corners, nicolae_dithmenos_shadow_blocks,
          serial_co_window_serial, co_window_corner_a, co_window_corner_a,
          co_window_paths_a, co_window_cross_1, co_window_of_opportunity_a,
          co_window_broadway_b, co_window_unsneaky_path_a, co_window_2corner,
          co_window_unsneaky_path_e, co_window_corner_b,
          co_window_unsneaky_path_d, glass_columns_a, glass_columns_b,
          glass_columns_c
D:7:      minmay_the_grid_triangle_9x9_recursive_2
          [minmay_the_grid_triangle_9x9_prize_special,
          minmay_the_grid_triangle_9x9_swiss_cheese,
          minmay_the_grid_triangle_9x9_warning,
          minmay_the_grid_triangle_9x9_zippers_horizontal],
          layout_loops_corners, lemuel_crystal_altar,
          minmay_temple_entry_junction_2, uniq_menkaure, uniq_maggie
D:8:      layout_cave_pods, uniq_harold
D:9:      layout_loops_ring, nicolae_overflow_hidden_temple,
          lemuel_coloured_pillars_altar, dpeg_lair_monsters, uniq_psyche
D:10:     layout_basic, david_orc_3, grunt_livestock
D:11:     layout_grid_maze, serial_rivers, chequers_serial_rivers_small_b,
          chequers_serial_rivers_marsh, chequers_serial_rivers_micro_a,
          chequers_serial_rivers_micro_d, uniq_erolcha
D:12:     layout_cross
D:13:     layout_roguey, lightli_vaults_fourway_checkpoint,
          lemuel_mausoleum_altar_kikubaaqudgha
D:14:     minmay_polygon_palace, layout_small_grid, lemuel_tele_altar
D:15:     grunt_enter_depths_hoard, layout_basic, nicolae_transmutations_shop,
          solitary_fountain
Temple:   eino_wide_crystal_templ
Lair:1:   layout_cave_pods, uniq_fannar
Lair:2:   layout_long_grid, nicolae_swamp_entry_splash_gauntlet
Lair:3:   layout_cave_pods, gauntlet_entry_generic, serial_bayou_shore_b,
          grunt_megastairs_5, lemuel_fruit_tree, lemuel_fruit_fields
Lair:4:   layout_loops_ring, nicolae_spider_entry_tight_spaces,
          ebering_ghost_reflecting_pool, grunt_megastairs_3,
          serial_bayou_shore_b
Lair:5:   layout_cave_pods
Lair:6:   evil_forest, layout_regular_city, nicolae_slime_entry_slimehenge
Swamp:1:  layout_basic_swamp, hangedman_swamp_ruin_hall, swamp_pool4,
          nicolae_swamp_godswood, infiniplex_staircase_pool
Swamp:2:  layout_basic_swamp, evilmike_swamp_ruin_house_6
Swamp:3:  layout_basic_swamp, gammafunk_ghost_split, evilmike_swamp_ruin_house_2
Swamp:4:  swamp_old_school, layout_basic_swamp, infiniplex_staircase_pool_2,
          uniq_donald
Spider:1: spider_temple_joshua, zaba_anthell
Spider:2: layout_spider_delve, nicolae_spider_cling_ruins
Spider:3: layout_spider_delve, portal_ice_cave_entry_dragon,
          gammafunk_ghost_necromancy, guppyfry_spider_mini_2,
          nicolae_spider_cling_halls
Spider:4: grunt_spider_rune_circles, uniq_bai_suzhen
Slime:1:  layout_caves
Slime:2:  layout_caves
Slime:3:  cheibrodos_slime_lost_civilization_2, layout_caves
Slime:4:  layout_caves
Slime:5
Orc:1:    nicolae_orc_accident_3, layout_caves, serial_shops, shop,
          nicolae_orc_lava_room
Orc:2:    st_orc_mages, layout_caves, ebering_ghost_reflecting_pool
Elf:1:    elf_arrival_002, layout_onion_city, minmay_elf_crystal_heptagon,
          uniq_azrael
Elf:2:    layout_gridlike, roderic_lattice_octagonal_star
Elf:3:    grunt_elf_hall_branching, layout_rooms, grunt_ministairs_2, hex_tiny,
          serial_sigils_hangedman_scar
Vaults:1: nicolae_vaults_theta, special_room_vaults [special_room_orc],
          hangedman_vaults_corner_blocks, v_alt_pattern_4,
          hangedman_vaults_stretched_pinwheel, v_pattern_4,
          ontoclasm_vaults_loading_screen, nicolae_vaults_ring_of_whatevers,
          vaults_dpeg_ring, ontoclasm_vaults_idyll,
          ontoclasm_vaults_ring_square, layout_vaults_omnigrid, serial_shops,
          shop, shop, nicolae_shop_behind_doors
Vaults:2: ontoclasm_vaults_misaligned, nicolae_vaults_network_periphery,
          ontoclasm_vaults_water_temple, v_misc_26, v_misc_14, vaults_room_grid,
          nicolae_vaults_network_quinsquares
          [nicolae_vaults_network_quincunx_subvault,
          nicolae_vaults_network_quincunx_subvault,
          nicolae_vaults_network_quincunx_subvault,
          nicolae_vaults_network_quincunx_subvault],
          nicolae_vaults_ring_of_whatevers, nicolae_vaults_rhombus_6,
          layout_vaults_ring, serial_shops, shop
Vaults:3: nicolae_vaults_border_crossing, v_misc_12, ontoclasm_vaults_eye,
          v_alt_pattern_1, hangedman_vaults_corner, ontoclasm_vaults_spin,
          grunt_vaults_swirl, nicolae_vaults_little_squares_1,
          layout_vaults_big_room, serial_shops, shop_fountains, uniq_frederick
Vaults:4: nicolae_vaults_specimen_jars, nicolae_vaults_inception_statues,
          hangedman_vaults_stagger, ontoclasm_vaults_ligature,
          nicolae_vaults_little_ls, ontoclasm_vaults_decontamination,
          nicolae_vaults_alarming, v_misc_13, vaults_room_door_hall,
          v_pattern_3, vaults_room_semicircle, nicolae_vaults_little_squares_5,
          v_misc_23, ontoclasm_vaults_chip, serial_ice_g,
          layout_vaults_big_cross
Depths:1: layout_gridville, enter_ziggurat_e, grunt_metal_band,
          kennysheep_generic_room_3, uniq_enchantress, uniq_asterion
Depths:2: minmay_open_boxes_in_corner, layout_cave_shapes, hellmouth_1,
          kennysheep_doodads
Depths:3: kennysheep_cluttered_fort, layout_basic, enter_trove_3,
          grunt_hell_entry_dis_old, grunt_pan_entry_spiral
Depths:4: gammafunk_depths_water_palace, layout_cave_shapes, hell_entry,
          abyss_entry, rand_demon_pan_entry_1, serial_shops,
          bzr_entry_customers, serial_bayou_shore_a, uniq_mennas
Depths:5: hangedman_pleasuredromes, abyss_entry, hell_entry, pan_entry

Skill      XL: |  1  2  3  4  5  6  7  8  9 10 11 12 13 14 15 16 17 18 19 20 21 22 23 24 |
---------------+-------------------------------------------------------------------------+-----
Spellcasting   | 4 5 6 7 9 10 12 13 15 16 17 18 19 21 22 23 24 25 26 27 | 27.0
Conjurations   | 5 6 7 8 9 10 12 13 14 15 16 17 18 19 20 21 22 23 24 | 24.9
Hexes          | 3 5 7 9 |  9.0
Translocations | 2 4 6 |  6.0
Charms         | 3 6 8 9 |  9.0
Air Magic      | 3 6 9 10 11 12 13 14 15 | 15.0
Fire Magic     | 2 6 9 11 13 14 16 18 19 20 21 22 | 22.1
Armour         | 2 4 5 6 7 9 |  9.4
Shields        | 2 4 |  4.0
Fighting       | 1 5 7 |  7.0
Dodging        | 4 7 |  7.2
Stealth        | |  2.4

Action                   |  1- 3 |  4- 6 |  7- 9 | 10-12 | 13-15 | 16-18 | 19-21 | 22-24 || total
-------------------------+-------+-------+-------+-------+-------+-------+-------+-------++-------
Melee: Unarmed           |     9 |   123 |       |       |       |       |       |       ||   132
       Staff             |       |       |       |     1 |       |       |       |       ||     1
 Cast: Magic Dart        |    51 |   127 |   111 |   127 |   369 |   576 |   230 |   110 ||  1701
       Searing Ray       |     2 |    15 |    41 |   104 |    60 |     1 |       |       ||   223
       Fulminant Prism   |       |       |     8 |    75 |   118 |    32 |    30 |     7 ||   270
       Iskenderun's Myst |       |       |     4 |    45 |   176 |   170 |    78 |    29 ||   502
       Lightning Bolt    |       |       |       |    12 |   123 |   120 |   155 |   107 ||   517
       Iskenderun's Batt |       |       |       |       |    72 |   143 |    80 |    28 ||   323
       Blink             |       |       |       |       |     8 |     1 |       |       ||     9
       Conjure Flame     |       |       |       |       |     4 |     2 |     2 |       ||     8
       Fireball          |       |       |       |       |    42 |    52 |    62 |    60 ||   216
       Orb of Destructio |       |       |       |       |     4 |     6 |     6 |    13 ||    29
       Chain Lightning   |       |       |       |       |       |    68 |   115 |   160 ||   343
       Bolt of Magma     |       |       |       |       |       |       |    45 |     3 ||    48
       Ignition          |       |       |       |       |       |       |    29 |    25 ||    54
       Swiftness         |       |       |       |       |       |       |     6 |     5 ||    11
       Fire Storm        |       |       |       |       |       |       |    30 |    65 ||    95
 Abil: Evoke Fog         |       |       |       |       |       |       |     3 |       ||     3
Evoke: Staff of energy   |       |       |       |     2 |       |       |       |       ||     2
       Wand              |       |       |       |       |       |       |       |     2 ||     2
  Use: Scroll            |     5 |     3 |     4 |     9 |    22 |     9 |     7 |    22 ||    81
       Potion            |       |       |     1 |     3 |       |     3 |     2 |       ||     9
  Eat: Chunk             |     2 |    11 |    12 |    18 |    40 |    28 |    36 |    21 ||   168
       Ration            |       |       |     1 |     3 |     3 |    10 |     6 |     7 ||    30
Armor: Robe              |       |     2 |     6 |     8 |       |       |       |       ||    16
       Pearl dragon scal |       |       |       |     4 |    84 |    59 |    15 |       ||   162
       Leather armour    |       |       |       |       |       |    33 |    50 |    47 ||   130
       Ice dragon scales |       |       |       |       |       |       |     4 |       ||     4
Dodge: Dodged            |    13 |    12 |    25 |    33 |    45 |    74 |    55 |    39 ||   296
Block: Other             |     1 |     5 |    10 |    13 |    33 |    26 |       |       ||    88
       Reflection        |       |       |     3 |     1 |     5 |     6 |   103 |   141 ||   259
       Buckler           |       |       |       |       |       |    43 |   124 |   144 ||   311
